AoeStats
← b站江条

Arabia

506595504Analyzed
1v1 RM · 19d ago on Sep 14, 2026· 29m 33s· 2 players
Game mode
Random Map
Map size
Tiny (2 player)
Population
200
Speed
Normal
Resources
Standard
Victory
Conquest
Starting age
Dark Age
Ending age
Imperial Age
RankedLock teamsTeams togetherTeam positionsShared explorationLock speedFull tech treeHidden civsTurbo modeCheats
Victory
Defeat
🇨🇳 Maya · China
1372
+17
🇳🇿 Mongols · New Zealand
1399
-17
b站江条
0:25 Loom
10:05 Feudal Age
16:58 Double-Bit Axe
20:15 Wheelbarrow
24:43 Castle Age
22:39 Horse Collar
23:28 Padded Archer Armor
24:38 Fletching
25:01 Crossbowman
25:44 Bodkin Arrow
26:45 Gold Mining
logan
5:40 Loom
8:22 Feudal Age
11:46 Wheelbarrow
17:15 Fletching
24:04 Castle Age
23:56 Double-Bit Axe
24:56 Bodkin Arrow
27:03 Ballistics
Connection lost

Rejoining the realm…

Still unreachable

The connection could not be restored.

Session expired

The server has moved on; the page needs a fresh start.